 Dungeon Crawl Stone Soup version 0.31-a0-750-gfe7b580527 (webtiles) character file.

Game seed: 17690913049747926551

52860 octothorp the Marksmeteoran (level 15, 0/132 HPs)
             Began as a Meteoran Hunter on Sept 14, 2023.
             Was a Priest of Okawaru.
             Slain by Donald
             ... wielding a +1 long sword of holy wrath
              (7 damage)
             ... on level 3 of the Snake Pit.
             The game lasted 01:48:59 (9900 turns).

octothorp the Marksmeteoran (Meteoran Hunter)       Turns: 9900, Time: 01:49:00

Health: 0/132      AC: 14    Str: 13    XL:     15   Next: 47%
Magic:  0/25       EV: 24    Int: 13    God:    Okawaru [***...]
Gold:   599        SH:  0    Dex: 24    Spells: 14/22 levels left

rFire   . . .        P - +0 arbalest
rCold   . . .        (shield currently unavailable)
rNeg    . . .        L - +0 troll leather armour
rPois   +            (no helmet)
rElec   .            j - +0 cloak
rCorr   .            R - +2 pair of gloves {Stlth+}
SInv    .            m - +1 pair of boots {Fly}
Will    +++..        g - amulet of guardian spirit
Stlth   ++           x - ring of poison resistance
HPRegen 1.22/turn    v - ring of willpower
MPRegen 0.19/turn

%: guardian spirit
@: lethally poisoned (0 -> -7), heroic, weakened, flying, hasted (expiring),
glowing, studying Stealth, very quick
A: sense surroundings 2, otherworldly, glowing, explore regen, iridescent scales
1, strong-willed 1, MP-powered wands
a: Renounce Religion, Heroism


You were on level 3 of the Snake Pit.
You worshipped Okawaru.
Okawaru was most pleased with you.
You visited 4 branches of the dungeon, and saw 20 of its levels.
You also visited: Sewer and Bailey.

You collected 1606 gold pieces.
You spent 1007 gold pieces at shops.

Inventory:

Hand Weapons
 a - a +4 shortbow of draining
 b - a +2 dagger of venom
 c - a +4 trident
 P - a +0 arbalest (weapon)
Armour
 j - a +0 cloak (worn)
 m - a +1 pair of boots of flying (worn)
 w - the +1 leather armour of the Evening Star {Will+}
   (You found it on level 9 of the Dungeon)

   Will+:     It increases your willpower.
 A - a +1 robe of cold resistance
 H - the +1 plate armour of Disaster {Harm rN++ Will+ Str-3}
   (You found it on level 3 of the Lair of Beasts)

   Str-3:     It affects your strength (-3).
   rN++:      It greatly protects you from negative energy.
   Will+:     It increases your willpower.
   Harm:      It increases damage dealt and taken.
 L - a +0 troll leather armour (worn)
 N - the +0 pair of fencer's gloves {Riposte Dex+3}
   (Okawaru gifted it to you on level 5 of the Lair of Beasts)

   Riposte:   It allows the wearer to riposte with melee weapons, swiftly
   retaliating against missed or blocked melee attacks.
   Dex+3:     It affects your dexterity (+3).
 Q - the scarf of the Nightingale {rC+ rF+, -Tele rN+ Int+7}
   (You bought it in a shop on level 1 of the Snake Pit)

   Int+7:     It affects your intelligence (+7).
   rN+:       It protects you from negative energy.
   -Tele:     It prevents most forms of teleportation.
 R - a +2 pair of gloves of stealth (worn)
 S - the +2 crystal plate armour of Okawaru's Regard {rElec rPois rF-}
   (Okawaru gifted it to you on level 2 of the Snake Pit)

   rF-:       It makes you vulnerable to fire.
   rElec:     It insulates you from electricity.
   rPois:     It protects you from poison
Magical Staves
 s - a staff of air
Jewellery
 g - an amulet of guardian spirit (around neck)
 i - a ring of fire
 t - a ring of resist corrosion
 u - a ring of see invisible
 v - a ring of willpower (right hand)
 x - a ring of poison resistance (left hand)
 z - a ring of ice
 W - a +6 ring of intelligence
Talismans
 n - a blade talisman
Wands
 B - a wand of flame (25)
 M - a wand of roots (1)
 V - a wand of light (3)
Scrolls
 e - 3 scrolls of poison
 f - a scroll of butterflies
 k - a scroll of fog
 l - 2 scrolls of identify {@r1}
 o - a scroll of noise
 q - 2 scrolls of amnesia
 y - a scroll of immolation
 D - a scroll of revelation
Potions
 h - 5 potions of curing
 p - 3 potions of attraction
 r - 2 potions of cancellation
 C - a potion of enlightenment
 E - 4 potions of magic
 F - a potion of ambrosia
 G - a potion of haste
 I - a potion of brilliance
 J - a potion of berserk rage
 T - 2 potions of resistance {unknown}
 U - a potion of lignification
Miscellaneous
 O - a tin of tremorstones (1/2)


   Skills:
 - Level 12.0(17.0) Fighting
 * Level 16.1(21.1) Ranged Weapons
 - Level 8.1(13.1) Armour
 - Level 10.0(15.0) Dodging
 - Level 0.6(5.6) Stealth
 - Level 4.0 Spellcasting
 - Level 6.0 Hexes
 - Level 4.0 Translocations
 - Level 9.5 Poison Magic
 - Level 12.0 Invocations


You had 14 spell levels left.
You knew the following spells:

 Your Spells              Type           Power      Damage    Failure   Level
a - Apportation           Tloc           26%        N/A       4%          1
b - Sigil of Binding      Hex            18%        N/A       6%          3
o - Olgreb's Toxic Radia  Pois           27%        N/A       4%          4

Your spell library contained the following spells:

 Spells                   Type           Power      Damage    Failure   Level
 Slow                     Hex            72%        N/A       1%          1
 Sting                    Tmut/Pois      56%        1d5       3%          1
 Poisonous Vapours        Pois/Air       28%        N/A       5%          2
 Confusing Touch          Hex            18%        N/A       6%          3
 Ignite Poison            Fire/Tmut/Pois 10%        N/A       21%         3
 Dazzling Flash           Conj/Hex       20%        N/A       22%         3
 Necrotise                Necr           8%         1d4       24%         1
 Volatile Blastmotes      Fire/Tloc      14%        2d11      32%         3
 Leda's Liquefaction      Hex/Erth       5%         N/A       56%         4
 Vampiric Draining        Necr           2%         2d6       58%         3
 Sticky Flame             Conj/Fire      2%         2d3       94%         4
 Eringya's Noxious Bog    Tmut/Pois      7%         4d6       99%         6
 Lee's Rapid Deconstruct  Erth           1%         3d4*      100%        5
 Leda's Unmaking          Conj/Erth      1%         9d1       100%        6
 Starburst                Conj/Fire      1%         6d3       100%        6
 Ignition                 Fire           1%         3d3       100%        8
 Maxwell's Capacitive Co  Air            1%         ∞         100%        8
 Summon Small Mammal      Summ           Unusable   N/A       N/A         1
 Summon Forest            Summ/Tloc      Unusable   N/A       N/A         5
 Spellforged Servitor     Conj/Summ      Unusable   N/A       N/A         7
 Summon Hydra             Summ           Unusable   N/A       N/A         7
 Dragon's Call            Summ           Unusable   N/A       N/A         9

Dungeon Overview and Level Annotations

Branches:
Dungeon (11/15) Zot: 1297  Temple (1/1) D:5 Zot: 573    Lair (5/5) D:11 Zot: 264
  Swamp (0/4) Lair:3        Snake (3/4) Lair:2 Zot: 809   Slime (0/5) Lair:4
    Orc (0/2) D:9           Sewer (visited)          Bailey (visited)

Altars:
Ashenzari
Cheibriados
Dithmenos
Elyvilon
Fedhas
Gozag
Hepliaklqana
Kikubaaqudgha
Makhleb
Nemelex Xobeh
Okawaru
Qazlal
Sif Muna
Trog
Uskayaw
Wu Jian
Xom
Yredelemnul
Zin
The Shining One
Jiyva

Shops:
D:1 !   D:3 [   Snake:1 [!

Portals:
Trove: D:11 (give +6 demon whip)

Annotations:
D:3 exclusion: downstairs
D:5 Duvessa, Sigmund
D:6 Edmund, Jeremiah, Maggie
D:8 1 runed translucent door, XavTav's ghost, novice MiFi
D:10 exclusion: downstairs
Lair:1 Gastronok
Snake:2 exclusion: downstairs
Snake:3 Donald; Roxanne


Innate Abilities, Weirdness & Mutations

You passively map the area around you.
You are easily found by Zot.
You glow in the dark.
You regain HP and MP as you explore.
You are partially covered in iridescent scales. (AC +2)
You are strong-willed. (Will+)
You expend magic power (3 MP) to strengthen your wands.


Message History

Aim: Donald, wielding a +1 long sword of holy wrath, wearing a +2 plate armour of fire resistance and wearing a +0 kite shield of reflection (severely wounded, fast, strong, reflecting blocked projectiles, 84% to hit)
You shoot a bolt.
Donald blocks the bolt with his +0 kite shield of reflection... and reflects it back!
The bolt misses you.
The bolt hits the naga ritualist but does no damage.
The naga ritualist is severely wounded.
You feel sick.
The naga mage gestures at you while chanting.
The bolt of poison hits the naga mage.
The bolt of poison hits you but does no damage.
You are more poisoned.
You resist. The naga mage misses you. The naga mage completely misses you.
Donald hits you with a +1 long sword of holy wrath!!
* * * LOW HITPOINT WARNING * * *
Unknown command.
Fire: P) +0 arbalest
Press: ? - help, Q - select action, (/) - cycle Shift-Dir - straight line, f/p - Donald
Aim: Donald, wielding a +1 long sword of holy wrath, wearing a +2 plate armour of fire resistance and wearing a +0 kite shield of reflection (severely wounded, fast, strong, reflecting blocked projectiles, 84% to hit)
You shoot a bolt. The bolt hits Donald!
Donald is almost dead.
* * * LOW HITPOINT WARNING * * *
You feel very sick. The naga mage completely misses you. Donald misses you.
Unknown command.
Unknown command.
Unknown command.
Okay, then.
Unknown command.
You shoot a bolt.
Donald blocks the bolt with his +0 kite shield of reflection... and reflects it back!
The bolt completely misses you.
The bolt hits the naga ritualist but does no damage.
The naga ritualist is severely wounded.
* * * LOW HITPOINT WARNING * * *
You feel very sick.
The naga mage gestures at you while chanting.
The bolt of poison misses you.
Donald hits you with a +1 long sword of holy wrath!
You die...
Donald says, "I won.
I... don't hate that."

, * #### ,, #, #...
,* #.. * *.... ***
#...N#### .... *
##..N..S†.# * .NN.
, * ##N.....S#S#
.... ,,
#.N......#.# * ....
* #####.N#####.#.##
.... ,
......@@SNN.....##*
.... ,
......###.)......##
.... ..#..
*#..........# ....
* #N* #..........#
,, >* , ..
,#..........# , , ,
## ,#............ ,
, ..,. ,
#...........#,
,..#. ,#
#.............#
#...* .#
#............## * *


You could see Donald (fast, strong, reflecting), a salamander, an anaconda, a
naga ritualist, 2 naga magi and 2 nagas.

Vanquished Creatures
  Fannar (D:10)
  2 salamander tyrants
  3 hydras
  4 anacondas
  A catoblepas (Lair:5)
  2 boulder beetles (D:11)
  4 death yaks (Lair:5)
  6 naga warriors
  A deep troll shaman (Lair:5)
  A shock serpent (Snake:1)
  3 naga sharpshooters
  2 skysharks
  2 salamander mystics
  A lindwurm (Lair:5)
  2 mana vipers (Snake:2)
  6 salamanders (Snake:2)
  A guardian serpent (Snake:2)
  2 naga magi
  5 elephants
  10 black mambas
  7 cane toads
  7 rime drakes (Lair:3)
  5 komodo dragons
  A kobold demonologist (D:10)
  A polar bear (Lair:2)
  A shadow (D:10)
  2 wyverns
  51 yaks
  14 steam dragons
  2 basilisks
  A redback (D:11)
  A vampire mosquito (D:11)
  2 wargs (D:9)
  11 nagas
  Menkaure (D:4)
  2 acid dragons
  11 water moccasins
  7 orc warriors
  An ice beast (D:8)
  4 black bears
  An ogre (D:7)
  22 wolves
  A centaur (D:7)
  3 kobold brigands
  13 bullfrogs
  2 scorpions
  3 gnoll sergeants
  10 wights
  13 killer bees (D:8)
  3 electric eels
  6 howler monkeys
  6 jellies (Lair:4)
  2 orc priests
  A hound (D:3)
  3 iguanas
  4 orc wizards
  15 gnolls
  7 adders
  2 river rats (D:3)
  2 white imps
  3 worms
  22 orcs
  8 ball pythons
  5 bats
  2 endoplasms
  7 giant cockroaches
  11 goblins
  5 hobgoblins
  8 quokkas
  5 frilled lizards
  24 kobolds
  7 rats
417 creatures vanquished.

Vanquished Creatures (others)
  2 rime drakes (Lair:3)
2 creatures vanquished.

Grand Total: 419 creatures vanquished

Notes
Turn   | Place    | Note
-------+----------+-------------------------------------------
     0 | D:1      | octothorp the Meteoran Hunter began the quest for the Orb.
     0 | D:1      | Reached XP level 1. HP: 17/17 MP: 2/2
    34 | D:1      | Found Koh Inig's Distillery.
   126 | D:1      | Reached XP level 2. HP: 24/24 MP: 3/3
   276 | D:1      | Reached skill level 5 in Ranged Weapons
   383 | D:2      | Found a faded altar of an unknown god.
   441 | D:2      | Reached XP level 3. HP: 15/29 MP: 4/4
   577 | D:1      | Bought a potion of might for 56 gold pieces
   669 | D:2      | Reached XP level 4. HP: 36/36 MP: 5/5
   827 | D:2      | Reached skill level 6 in Ranged Weapons
   934 | D:3      | Reached XP level 5. HP: 35/41 MP: 6/6
   977 | D:3      | Found a glowing drain.
   985 | Sewer    | Entered a sewer
  1083 | Sewer    | Reached skill level 7 in Ranged Weapons
  1165 | Sewer    | Reached XP level 6. HP: 46/48 MP: 7/7
  1434 | D:3      | Found Gacuf's Armour Emporium.
  1495 | D:4      | Reached skill level 8 in Ranged Weapons
  1512 | D:4      | Noticed Menkaure
  1663 | D:4      | Found a white marble altar of Elyvilon.
  1731 | D:4      | Killed Menkaure
  1732 | D:4      | Reached XP level 7. HP: 32/57 MP: 8/8
  1915 | D:5      | Entered Level 5 of the Dungeon
  1915 | D:5      | Noticed Sigmund
  1941 | D:5      | Found a staircase to the Ecumenical Temple.
  1963 | Temple   | Entered the Ecumenical Temple
  1973 | Temple   | Became a worshipper of Warmaster Okawaru
  2113 | D:5      | Noticed Duvessa
  2176 | D:6      | Noticed Jeremiah
  2177 | D:6      | Noticed Edmund
  2191 | D:6      | Noticed a water moccasin
  2194 | D:6      | Noticed Maggie
  2204 | D:7      | Gained mutation: You are strong-willed. (Will+) [potion of
                  | mutation]
  2204 | D:7      | Gained mutation: You expend magic power (3 MP) to
                  | strengthen your wands. [potion of mutation]
  2204 | D:7      | Gained mutation: You are partially covered in iridescent
                  | scales. (AC +2) [potion of mutation]
  2413 | D:7      | Reached skill level 9 in Ranged Weapons
  2413 | D:7      | Reached XP level 8. HP: 66/66 MP: 9/9
  2484 | D:7      | Reached * piety under Okawaru
  2628 | D:7      | Reached skill level 10 in Ranged Weapons
  2770 | D:7      | Reached skill level 1 in Invocations
  2909 | D:8      | Gained mutation: You passively map the area around you.
                  | [Meteoran growth]
  2909 | D:8      | Reached XP level 9. HP: 69/71 MP: 12/12
  2958 | D:8      | Reached skill level 11 in Ranged Weapons
  2970 | D:8      | Reached skill level 5 in Invocations
  3023 | D:8      | Reached ** piety under Okawaru
  3035 | D:8      | Found a flagged portal.
  3103 | Bailey   | Entered a bailey
  3137 | Bailey   | Reached skill level 12 in Ranged Weapons
  3198 | Bailey   | Found a large runed translucent door.
  3198 | Bailey   | Found a large runed translucent door.
  3199 | Bailey   | Noticed a deep elf pyromancer
  3208 | Bailey   | Noticed an orc knight
  3399 | D:8      | Reached XP level 10. HP: 49/78 MP: 11/14
  3449 | D:8      | Reached skill level 13 in Ranged Weapons
  3511 | D:7      | Found a glowing golden altar of the Shining One.
  3698 | D:8      | Found a runed translucent door.
  3698 | D:8      | Noticed XavTav's ghost (novice MiFi)
  3698 | D:8      | Noticed a manticore
  3750 | D:8      | Reached *** piety under Okawaru
  3752 | D:8      | Reached skill level 14 in Ranged Weapons
  4020 | D:9      | Reached skill level 5 in Fighting
  4108 | D:9      | Noticed an orange demon
  4179 | D:9      | Reached **** piety under Okawaru
  4180 | D:9      | Reached skill level 5 in Dodging
  4205 | D:9      | Got Ponloma's Volume of Oromancy and Bringing Forth
  4339 | D:9      | Identified the +1 leather armour of the Evening Star
                  | {Will+}
  4382 | D:9      | Found a staircase to the Orcish Mines.
  4418 | D:9      | Received a gift from Okawaru
  4463 | D:9      | Reached XP level 11. HP: 77/91 MP: 13/15
  4623 | D:10     | Entered Level 10 of the Dungeon
  4849 | D:10     | Noticed a smoke demon
  4942 | D:11     | Noticed a boulder beetle
  5062 | D:10     | Noticed Fannar
  5089 | D:10     | Killed Fannar
  5349 | D:11     | Killed a boulder beetle
  5349 | D:11     | Reached ***** piety under Okawaru
  5354 | D:11     | Noticed a seven-headed hydra
  5385 | D:10     | Killed a seven-headed hydra
  5386 | D:10     | Reached XP level 12. HP: 21/104 MP: 3/19
  5453 | D:11     | Found a portal to a secret trove of treasure.
  5580 | D:11     | Noticed a boulder beetle
  5596 | D:11     | Killed a boulder beetle
  5695 | D:11     | Found a staircase to the Lair.
  5855 | Lair:1   | Entered Level 1 of the Lair of Beasts
  5896 | Lair:1   | Identified the orb of Restlessness {light, Dex+2} (Okawaru
                  | gifted it to you on level 1 of the Lair of Beasts)
  5896 | Lair:1   | Received a gift from Okawaru
  5939 | Lair:1   | Learned a level 1 spell: Apportation
  5953 | Lair:1   | Reached skill level 10 in Fighting
  5967 | Lair:1   | Noticed Gastronok
  6149 | Lair:1   | Reached skill level 10 in Dodging
  6207 | Lair:1   | Reached skill level 10 in Invocations
  6333 | Lair:2   | Noticed a seven-headed hydra
  6449 | Lair:2   | Noticed an eight-headed hydra
  6459 | Lair:2   | Killed an eight-headed hydra
  6502 | Lair:2   | Found a frozen archway.
  6548 | Lair:2   | Killed a seven-headed hydra
  6549 | Lair:2   | Reached skill level 1 in Armour
  6646 | Lair:2   | Reached XP level 13. HP: 112/113 MP: 22/22
  6796 | Lair:2   | Reached skill level 5 in Armour
  7014 | Lair:3   | Received a gift from Okawaru
  7025 | Lair:3   | Found a staircase to the Swamp.
  7084 | Lair:3   | Reached skill level 1 in Translocations
  7246 | Lair:4   | Found a staircase to the Slime Pits.
  7247 | Lair:4   | Found a viscous altar of Jiyva.
  7466 | Lair:5   | Entered Level 5 of the Lair of Beasts
  7501 | Lair:5   | Learned a level 4 spell: Olgreb's Toxic Radiance
  7586 | Lair:5   | Reached skill level 1 in Spellcasting
  7627 | Lair:3   | Reached skill level 1 in Poison Magic
  7725 | Lair:3   | Reached XP level 14. HP: 85/124 MP: 18/24
  7855 | Lair:3   | Identified the +1 plate armour of Disaster {Harm rN++ Will+
                  | Str-3}
  8210 | Lair:5   | Received a gift from Okawaru
  8210 | Lair:5   | Found the +0 pair of fencer's gloves {Riposte Dex+3}
  8303 | Lair:5   | Reached skill level 5 in Poison Magic
  8579 | Lair:5   | Learned a level 3 spell: Sigil of Binding
  8829 | Lair:2   | Found a staircase to the Snake Pit.
  8838 | Snake:1  | Entered Level 1 of the Snake Pit
  8899 | Snake:1  | Reached skill level 1 in Hexes
  9015 | Snake:1  | Found Zoopaf's Distillery.
  9021 | Snake:1  | Bought a potion of haste for 190 gold pieces
  9021 | Snake:1  | Bought a potion of curing for 57 gold pieces
  9021 | Snake:1  | Bought a potion of curing for 57 gold pieces
  9145 | Snake:1  | Found Zudyirol's Antique Armour Boutique.
  9156 | Snake:1  | Bought a warped scarf for 370 gold pieces
  9156 | Snake:1  | Identified the scarf of the Nightingale {rC+ rF+, -Tele rN+
                  | Int+7} (You bought it in a shop on level 1 of the Snake
                  | Pit)
  9156 | Snake:1  | Bought a pair of embroidered gloves for 277 gold pieces
  9365 | Snake:2  | Reached skill level 5 in Hexes
  9423 | Snake:2  | Reached XP level 15. HP: 58/132 MP: 8/25
  9435 | Snake:2  | Identified the +2 crystal plate armour of Okawaru's Regard
                  | {rElec rPois rF-} (Okawaru gifted it to you on level 2 of
                  | the Snake Pit)
  9435 | Snake:2  | Received a gift from Okawaru
  9623 | Snake:2  | Reached skill level 15 in Ranged Weapons
  9850 | Snake:3  | Noticed Roxanne
  9876 | Snake:3  | Reached skill level 16 in Ranged Weapons
  9889 | Snake:3  | Noticed Donald
  9900 | Snake:3  | Slain by Donald

Illustrated notes

Levels and vault maps discovered:
D:1:      minmay_arrival_four_loops, layout_basic, serial_shops, shop
D:2:      layout_basic, nicolae_ecumenical_pavilion, minmay_hexomino_c4
D:3:      layout_rooms, portal_sewer_entry_b, serial_shops, shop,
          minmay_misc_feat_plants
D:4:      layout_rooms, mainiacjoe_overflow_concentric_impassable,
          serial_co_window_serial, co_window_corner_a,
          co_window_of_opportunity_a, co_window_of_opportunity_a,
          co_window_corner_a, co_window_paths_a, co_window_corner_a,
          co_window_paths_a, co_window_corner_cb, co_window_corner_ca,
          co_window_broadway_a, glass_columns_b, glass_columns_a,
          glass_columns_a, uniq_menkaure
D:5:      layout_basic, minmay_temple_entry_junction_2, corexii_checkpoint_a,
          uniq_sigmund, uniq_duvessa
D:6:      layout_rooms, serial_shops, shop, uniq_jeremiah, uniq_edmund,
          uniq_maggie
D:7:      layout_layer_cave, tso_altar, grunt_ministairs_8
D:8:      layout_loops_ring, nicolae_overflow_squiral, enter_bailey_2,
          ebering_ghost_inner_flame
D:9:      layout_cave_pods, minmay_orc_entry_guard_dogs, dreamdust_wishing_well,
          minivault_14, uniq_amaemon
D:10:     layout_loops_ring, nicolae_water_bricks, minmay_misc_feat_square,
          nicolae_kite_square_tiling_tiny, due_unseen_surprise, uniq_fannar
D:11:     layout_cave_pools, grunt_lair_entry_orc_guard_hut, enter_trove_6,
          nicolae_hexahallways, minmay_bent
Temple:   regret_index_temple_mists
Lair:1:   layout_chaotic_city, serial_bayou_shore_b, uniq_gastronok
Lair:2:   layout_regular_city, minmay_snake_entry_six_corridors, serial_rivers,
          chequers_serial_rivers_marsh, chequers_serial_rivers_micro_b,
          chequers_serial_rivers_room_a, chequers_serial_rivers_micro_e,
          portal_ice_cave_entry_pillars_1
Lair:3:   layout_regular_city, minmay_swamp_entry_reptiles,
          bobbens_dragon_lair_wall
Lair:4:   layout_gridlike, nicolae_slime_entry_slimehenge,
          nicolae_quartered_pool_little, tgw_fedhas
Lair:5:   grunt_lair_end_beastmaster, layout_cave_pods,
          infiniplex_staircase_pool_2
Snake:1:  layout_basic, serial_shops, shop, nicolae_shop_rolling_square,
          nicolae_shop_trees, nicolae_lakefront_shop, drop_trap,
          grunt_megastairs_4, lemuel_fruit_tree
Snake:2:  nicolae_snake_attic_fulla_snakes, layout_basic
Snake:3:  layout_rooms, uniq_roxanne, uniq_donald

Skill      XL: |  1  2  3  4  5  6  7  8  9 10 11 12 13 14 15 |
---------------+----------------------------------------------+-----
Ranged Weapons | 5 6 7 8 9 10 12 14 16 | 16.1
Fighting       | 3 4 6 9 10 11 12 | 12.0
Invocations    | 3 5 8 11 12 | 12.0
Dodging        | 5 8 10 | 10.0
Armour         | 2 8 |  8.1
Translocations | 4 |  4.0
Spellcasting   | 2 4 |  4.0
Poison Magic   | 2 9 |  9.5
Hexes          | 5 6 |  6.0
Stealth        | |  0.6

Action                     |  1- 3 |  4- 6 |  7- 9 | 10-12 | 13-15 || total
---------------------------+-------+-------+-------+-------+-------++-------
   Fire: Shortbow          |    83 |   198 |   348 |   634 |   729 ||  1992
         Arbalest          |       |       |       |       |   253 ||   253
   Cast: Apportation       |       |       |       |       |     8 ||     8
         Olgreb's Toxic Ra |       |       |       |       |     1 ||     1
 Invoke: Heroism           |       |       |     3 |    10 |    12 ||    25
         Finesse           |       |       |       |     3 |     7 ||    10
  Evoke: Wand              |       |       |       |       |     4 ||     4
         Tin of tremorston |       |       |       |       |     1 ||     1
    Use: Potion            |     1 |     1 |     4 |     4 |     5 ||    15
         Scroll            |       |     3 |    14 |    11 |     7 ||    35
 Armour: Leather armour    |    18 |    49 |   118 |   159 |   186 ||   530
         Skin              |       |       |       |     7 |       ||     7
         Troll leather arm |       |       |       |       |   148 ||   148
  Dodge: Dodged            |    21 |    50 |   104 |   222 |   445 ||   842

Table legend: (Time is in decaauts)
 A = Elapsed time spent in this place.
 B = Non-inter-level travel time spent in this place.
 C = Inter-level travel time spent in this place.
 D = Time resting spent in this place.
 E = Time spent auto-exploring this place.
 F = Levels seen in this place.
 G = Mean time per level.
                   A        B        C        D        E       F      G
               +--------+--------+--------+--------+--------+-----+--------+
         Total |   9503 |   8431 |   1072 |    186 |      0 |  22 |  432.0 |
       Dungeon |   5302 |   4611 |    691 |    108 |      0 |  11 |  482.0 |
        Temple |     26 |     26 |      0 |      0 |      0 |   1 |   26.0 |
          Lair |   2735 |   2413 |    322 |     68 |      0 |   5 |  547.0 |
     Snake Pit |    989 |    930 |     59 |      3 |      0 |   3 |  329.7 |
         Sewer |    280 |    280 |      0 |      0 |      0 |   1 |  280.0 |
        Bailey |    168 |    168 |      0 |      6 |      0 |   1 |  168.0 |
               +--------+--------+--------+--------+--------+-----+--------+

Top non-repeatable levels by time:
  Lair:5: 764 daAuts
     D:8: 760 daAuts
     D:7: 723 daAuts
    D:10: 704 daAuts
     D:9: 691 daAuts
  Lair:1: 567 daAuts
  Lair:2: 524 daAuts
     D:3: 503 daAuts
  Lair:3: 500 daAuts
     D:2: 453 daAuts
    D:11: 440 daAuts
 Snake:2: 423 daAuts
     D:1: 418 daAuts
 Snake:1: 403 daAuts
  Lair:4: 377 daAuts
